[Event "*** Titled Tuesday Blitz"]
[Site "Chess.com"]
[Date "2019.03.05"]
[Round "10"]
[White "Last7Samurai"]
[Black "IakovUlivar"]
[Result "1/2-1/2"]
[WhiteElo "2685"]
[BlackElo "2530"]
[TimeControl "180+2"]
[EndTime "15:28:37 PST"]
[Termination "Game drawn by agreement"]

1. e4 e5 2. Nf3 Nf6 3. Nxe5 d6 4.
Nf3 Nxe4 5. c4 Be7 6. Nc3 Nf6 7. d4 O-O 8. Be2 Re8 9. O-O c5 10. d5 Bg4 11. h3 Bxf3 12. Bxf3 Nbd7 13. b3 Bf8 14. Bb2 a6 15. Be2 Ne4 16. Nxe4 Rxe4 17. Bd3 Re8 18. f4 Be7 19. Qc2 h6 20. Bf5 Bf6 21. Bxd7 Bxb2 22. Bxe8 Bd4+ 23. Kh1 Bxa1 24.
Bxf7+ Kxf7 25. Rxa1 Qf6 26. Re1 Re8 27. Rxe8 Kxe8 28. Qe4+ Kd8 29. f5 Kc7 30. Qe6 Qg5 31. Qg6 Qxg6 32. fxg6 Kd7 33. Kh2 Ke7 34. Kg3 Kf6 35.
Kf4 Kxg6 36. g4 Kf6 37. h4 g5+ 38. hxg5+ hxg5+ 39. Ke4 Kg6 1/2-1/2

[Event "*** Titled Tuesday Blitz"]
[Site "Chess.com"]
[Date "2019.03.05"]
[Round "10"]
[White "ChessWarrior7197"]
[Black "Pechen_Yeltsina"]
[Result "1-0"]
[WhiteElo "2844"]
[BlackElo "2648"]
[TimeControl "180+2"]
[EndTime "15:28:40 PST"]
[Termination "ChessWarrior7197 won by checkmate"]

1. e4 g6 2. d4 Bg7 3. h4 h6 4. h5 g5 5. Nc3 d6 6. Be3 Nd7 7. Be2 a6 8. Nf3 b5 9. Qd2 Bb7 10.
O-O-O b4 11. Nd5 a5 12. Nxg5 Bxd5 13. exd5 hxg5 14. Bxg5 Bh6 15. f4 Ndf6 16. Bf3 Qd7 17. Rh4 Nh7 18. Bxh6 Nxh6 19. g4 Rg8 20. g5 Nf5 21.
Bg4 e6 22. dxe6 fxe6 23. Rh3 O-O-O 24. d5 Rdf8 25. Qd3 Kb7 26. g6 Nf6 27. dxe6 Qxe6 28.
Bxf5 Qxa2 29. Qb3 Qxb3 30. cxb3 Ne8 31. Be6 Rh8 32. h6 Rf6 33. g7 Nxg7 34. hxg7 Rxh3 35.
g8=Q Rh2 36. Qc8+ Kb6 37. Qb8+ Kc6 38. Bd5+ Kd7 39. Re1 c5 40. Qe8+ Kc7 41. Re7+ Kb6 42. Qc6# 1-0

[Event "*** Titled Tuesday Blitz"]
[Site "Chess.com"]
[Date "2019.03.05"]
[Round "10"]
[White "b_6"]
[Black "DanielNaroditsky"]
[Result "1/2-1/2"]
[WhiteElo "2448"]
[BlackElo "2962"]
[TimeControl "180+2"]
[EndTime "15:28:44 PST"]
[Termination "Game drawn by agreement"]

1. d4 Nf6 2. Bf4 h6 3. e3 g5 4.
Bg3 Bg7 5. Nd2 d6 6. h4 g4 7. h5 c5 8. c3 Nc6 9. Bd3 e5 10. Ne2 Be6 11. dxe5 dxe5 12. Ne4 Qe7 13. Qa4 O-O-O 14.
O-O-O Rxd3 15. Rxd3 c4 16. Nd6+ Kb8 17. Rdd1 a6 18.
Qc2 Rd8 19. Nf5 Bxf5 20. Rxd8+ Qxd8 21. Qxf5 Qd3 22. Bxe5+ Nxe5 23. Qxe5+ Ka8 24. Nf4 Qd8 25. Rd1 Qf8 26. Qd6 Qxd6 27. Rxd6 Ne4 28. Rd7 Nxf2 29. Rxf7 Be5 30. Kd2 Ne4+ 31. Ke2 Ng3+ 32. Kf2 Ne4+ 33. Ke1 Bf6 34. Nd5 Bh4+ 35. Kd1 Nf2+ 36.
Ke2 Nd3 37. b3 Ne5 38. Rh7 Bg5 39. Nf4 cxb3 40. axb3 a5 41. Ne6 Bf6 42. Rxh6 Nd7 43. Rh7 Ne5 44. h6 Ka7 45. Nd4 Ka6 46. Rc7 b5 47. h7 a4 48. bxa4 bxa4 49. Nc6 Kb6 50. Nxe5 Kxc7 51. Nxg4 Bxc3 52. Kd3 Bg7 53. Kc2 Kd6 54.
Nh6 Ke6 55. Ng4 Kf5 56. Nf2 Kg6 57. Kb1 Kxh7 58. Ka2 Bf8 59. Nd3 Kg6 60. Nb2 Kf5 61. Nxa4 Ke4 62. Nc3+ Kxe3 63. Nd5+ Ke4 64. Nf6+ Kf4 65.
Nh5+ 1/2-1/2

[Event "*** Titled Tuesday Blitz"]
[Site "Chess.com"]
[Date "2019.03.05"]
[Round "10"]
[White "ENEASZ"]
[Black "MikaelyanArman"]
[Result "0-1"]
[WhiteElo "2393"]
[BlackElo "2717"]
[TimeControl "180+2"]
[EndTime "15:28:48 PST"]
[Termination "MikaelyanArman won on time"]

1. e4 d6 2. d4 Nf6 3. Nc3 g6 4. f4 Bg7 5. Nf3 O-O 6. Bd3 Na6 7. O-O Bg4 8. a3 c5 9. d5 Rc8 10. h3 Bxf3 11. Qxf3 c4 12. Be2 Nc5 13. Be3 b5 14. Rad1 a6 15. Bd4 Nfd7 16. Qe3 Qb6 17. Bxg7 Kxg7 18.
Qd4+ f6 19. Bg4 Rc7 20. Bxd7 Nxd7 21. Qxb6 Nxb6 22. Ne2 Kf7 23. Nd4 Rfc8 24. g4 Na4 25. Rb1 c3 26. b3 Nc5 27. Rbe1 Nd7 28. e5 Nb6 29. e6+ Kg7 30. f5 Nxd5 31. g5 fxg5 32.
fxg6 Kxg6 33. Rf7 Nf4 34. Nf5 Nxe6 35. Rxe7 Nf4 36. Nxd6 Rxe7 37. Rxe7 Rd8 38. Ne4 Rd1+ 39. Kh2 Rc1 40. Kg3 Rxc2 41. h4 h6 42. hxg5 hxg5 43. Rc7 Kf5 44. Rxc3 Ne2+ 0-1

[Event "*** Titled Tuesday Blitz"]
[Site "Chess.com"]
[Date "2019.03.05"]
[Round "10"]
[White "731291"]
[Black "Tiqr777"]
[Result "0-1"]
[WhiteElo "2654"]
[BlackElo "2509"]
[TimeControl "180+2"]
[EndTime "15:28:50 PST"]
[Termination "Tiqr777 won by resignation"]

1. Nf3 g6 2. g3 Bg7 3. Bg2 c5 4. O-O Nc6 5. d3 d6 6. c4 Nf6 7. Nc3 a6 8. a3 Rb8 9. Rb1 b5 10. cxb5 axb5 11. b4 cxb4 12. axb4 O-O 13. Bd2 Bd7 14. e3 Re8 15. Qe2 Qb6 16. Rfc1 Rec8 17. h3 e6 18. d4 Ne7 19. Ne1 Bc6 20. Bxc6 Rxc6 21. Na2 Rbc8 22. Rxc6 Rxc6 23. Rc1 Ne4 24. Nd3 Rc4 25. Be1 Qc6 26. f3 Ng5 27. Kg2 e5 28. dxe5 dxe5 29. e4 f5 30. Nc5 fxe4 31.
fxe4 Nxe4 32. Rxc4 Nxc5+ 33. Qf3 e4 34. Qe3 bxc4 35.
Qxc5 Qxc5 36. bxc5 Bd4 37. Nc3 Bxc3 38. Bxc3 Kf7 39. Kf2 Ke6 40. g4 Kd5 41. Bb4 Nc6 42.
Ba3 Kd4 43. Ke2 c3 44. Bc1 Kxc5 45. Ke3 Kd5 46. Ba3 Nd4 47. Bc1 Nb3 0-1

[Event "*** Titled Tuesday Blitz"]
[Site "Chess.com"]
[Date "2019.03.05"]
[Round "10"]
[White "SerGo055"]
[Black "vpantev"]
[Result "1-0"]
[WhiteElo "2517"]
[BlackElo "2620"]
[TimeControl "180+2"]
[EndTime "15:28:50 PST"]
[Termination "SerGo055 won by resignation"]

1. d4 Nf6 2. Nf3 e6 3. c4 Bb4+ 4. Bd2 c5 5. Bxb4 cxb4 6. Nbd2 d5 7. e3 O-O 8. Bd3 Nc6 9. O-O a5 10. Rc1 h6 11. Qe2 Qd6 12. Rfd1 Bd7 13. h3 Rfe8 14. e4 dxe4 15. Nxe4 Qe7 16. Ng3 Rad8 17. Bb1 Bc8 18. Qd3 e5 19. d5 e4 20. Nxe4 Nxe4 21. Qxe4 Qxe4 22. Bxe4 Rxe4 23. dxc6 Ree8 24. c7 Rxd1+ 25. Rxd1 Kf8 26. Nd4 Bd7 27. Nb3 Ke7 28. Nxa5 b6 29.
Re1+ Be6 30. Nc6+ Kd7 31. Nxb4 Kxc7 32. Nd5+ Kc6 33. Nf4 Kc5 34. b3 Bd7 35. Rxe8 Bxe8 36. Kf1 Kd4 37. Ke2 Kc3 38. Nd5+ Kb2 39. Nxb6 Kxa2 40.
b4 Kb3 41. b5 Kb4 42. Kd3 Kc5 43. Na4+ Kb4 44. Nc3 Kc5 45. Ne4+ Kb4 46. Kd4 f5 47. Nd6 Bd7 48. c5 Bxb5 49. Nxb5 Kxb5 50. Kd5 1-0

[Event "*** Titled Tuesday Blitz"]
[Site "Chess.com"]
[Date "2019.03.05"]
[Round "10"]
[White "7Madman"]
[Black "StoreySniper"]
[Result "1-0"]
[WhiteElo "2532"]
[BlackElo "2390"]
[TimeControl "180+2"]
[EndTime "15:28:52 PST"]
[Termination "7Madman won by resignation"]

1. e4 g6 2. d4 Bg7 3. Nc3 c5 4.
d5 d6 5. Be3 Qa5 6. Qd2 a6 7.
h4 b5 8. h5 b4 9. Nd1 gxh5 10.
Rxh5 Nf6 11. Rh4 Ng4 12. Bf4 Bf6 13. Rh1 Bd7 14. f3 Ne5 15. g4 Bb5 16. Ne3 Nbd7 17. a4 Bxf1 18. Kxf1 Ng6 19. Bh6 Bxb2 20. Nc4 Bc3 21.
Qxc3 bxc3 22. Nxa5 Rb8 23. Ne2 Nge5 24. Nxc3 Nxf3 25.
Bg7 Rg8 26. Rxh7 Nfe5 27. Nc6 Rc8 28. Nxe5 dxe5 29. g5 Nf8 30. Bxf8 Kxf8 31. Rb1 Rxg5 32. Rh8+ Rg8 33. Rxg8+ Kxg8 34. Rb6 Ra8 35. Rc6 f6 36.
Rxc5 Kf7 37. Rc6 a5 38. Ke2 Rh8 39. Rc7 Rh2+ 40. Kd3 Ke8 41. Ra7 Rh3+ 42. Kc4 Rh2 43. Rxa5 Rxc2 44. Ra7 Kd8 45. a5 e6 46. dxe6 f5 47. exf5 e4 48. f6 1-0

[Event "*** Titled Tuesday Blitz"]
[Site "Chess.com"]
[Date "2019.03.05"]
[Round "10"]
[White "MFguimaraes"]
[Black "r31415"]
[Result "0-1"]
[WhiteElo "2291"]
[BlackElo "2331"]
[TimeControl "180+2"]
[EndTime "15:28:54 PST"]
[Termination "r31415 won by resignation"]

1. e4 e5 2. Nf3 Nc6 3. Bc4 Bc5 4. b4 Bxb4 5. c3 Ba5 6. d4 exd4 7. O-O Nge7 8. cxd4 d5 9. exd5 Nxd5 10. Ba3 Be6 11.
Qb3 Qd7 12. Qxb7 Rb8 13. Qa6 Rb6 14. Ne5 Nxe5 15. Qxa5 Nxc4 16. Qc5 Nxa3 17. Nxa3 Qd6 18. Qa5 Ra6 19. Qb5+ Ke7 20. Nc4 Qc6 21. Qb3 Qa4 22.
Qd3 Nf4 23. Qe4 Qxc4 24. Qxf4 Rc8 25. Rfc1 Qd5 26. Rxc7+ Rxc7 27. Qxc7+ Qd7 28. Qc5+ Qd6 29. Qh5 Qxd4 30. Rd1 Ra5 31. Qf3 Qb6 32. Qa8 Rxa2 33. Rf1 Rb2 34. Qe4 f5 35. Qe5 Kf7 36. g4 Rb1 37.
gxf5 Rxf1+ 38. Kxf1 Qb1+ 39. Kg2 Qxf5 40. Qc7+ Kg6 41. Qxa7 Qg4+ 42. Kf1 Bc4+ 0-1

[Event "*** Titled Tuesday Blitz"]
[Site "Chess.com"]
[Date "2019.03.05"]
[Round "10"]
[White "OparinGrigoriy"]
[Black "Hikaru"]
[Result "0-1"]
[WhiteElo "2973"]
[BlackElo "3133"]
[TimeControl "180+2"]
[EndTime "15:28:55 PST"]
[Termination "Hikaru won by resignation"]

1. Nf3 d5 2. g3 g6 3. Bg2 Bg7 4. d4 Nd7 5. O-O Ngf6 6. a4 a5 7. b3 O-O 8. Bb2 c5 9. Na3 b6 10. e3 Ba6 11. c4 Rc8 12. Rc1 e6 13. Re1 Ne4 14. cxd5 exd5 15. Nb5 Bxb5 16. axb5 Re8 17. Re2 Qe7 18. Rec2 Rcd8 19. Ne1 cxd4 20. exd4 Bh6 21. Ra1 Qb4 22. Rc7 Nf8 23. Ba3 Qd2 24. Nd3 Ne6 25. Rb7 Qxd1+ 26. Rxd1 Nc3 27. Ra1 Nxd4 28. Rxb6 Nc2 29.
Rc1 Ne2+ 30. Kh1 Nxc1 31. Bxc1 Bxc1 32. Rc6 Nb4 33. Nxb4 Re1+ 34. Bf1 axb4 35. Kg2 Bb2 36. b6 Re6 37. Bb5 Rxc6 38. Bxc6 Bd4 39. b7 Ba7 0-1

[Event "*** Titled Tuesday Blitz"]
[Site "Chess.com"]
[Date "2019.03.05"]
[Round "10"]
[White "1995Tiger"]
[Black "BASSU1"]
[Result "1-0"]
[WhiteElo "2022"]
[BlackElo "2099"]
[TimeControl "180+2"]
[EndTime "15:28:58 PST"]
[Termination "1995Tiger won by checkmate"]

1. d4 d5 2. c4 e6 3. Nc3 c6 4.
e3 Bd6 5. Bd3 f5 6. f4 Nf6 7. Nf3 O-O 8. O-O Ne4 9. Bd2 Nd7 10. Be1 Ndf6 11. Bh4 Bd7 12. Ne5 Be8 13. g4 fxg4 14. Nxg4 Nxc3 15. bxc3 Be7 16. Bxf6 Bxf6 17. Kh1 Kh8 18. Nxf6 Qxf6 19. Rg1 Qh6 20. Rg5 Bf7 21.
Qg4 g6 22. Rg1 Rad8 23. Rg3 Qg7 24.
Rh3 Kg8 25. c5 h6 26. Bxg6 hxg5 27. Bh7+ Qxh7 28. Rxh7 Kxh7 29. Qxg5 Bg6 30. Qe7+ Kh6 31. h4 Be4+ 32. Kh2 Rde8 33. Qg5+ Kh7 34. Qh5+ Kg7 35. Qe5+ Kf7 36. h5 Rg8 37. h6 Rg2+ 38. Kh3 Rg1 39.
h7 Rh1+ 40. Kg3 Rxh7 41. Kf2 Rh2+ 42. Ke1 Rg8 43. Qc7+ Kg6 44. Qe7 Kh5 45. Qf7+ Kh6 46. Qxg8 Rh1+ 47. Kf2 Rh2+ 48. Kf1 Rh1+ 49. Kf2 Rh2+ 50.
Ke1 Rxa2 51. Qf8+ Kg6 52. Qe7 Ra1+ 53. Kd2 Kf5 54. Qg5# 1-0

[Event "*** Titled Tuesday Blitz"]
[Site "Chess.com"]
[Date "2019.03.05"]
[Round "10"]
[White "Quiet_Desperation"]
[Black "GelmanAlexander"]
[Result "0-1"]
[WhiteElo "2403"]
[BlackElo "2576"]
[TimeControl "180+2"]
[EndTime "15:28:59 PST"]
[Termination "GelmanAlexander won by resignation"]

1. e4 c5 2. Nf3 e6 3. d4 cxd4 4. Nxd4 d6 5. Nc3 a6 6. Be3 Nf6 7. Bd3 b5 8. a3 Bb7 9. O-O Nbd7 10.
Nb3 Be7 11. f4 O-O 12. Kh1 Rc8 13. Rf3 d5 14. e5 Ne4 15. Rh3 g6 16. Bxe4 dxe4 17.
g4 Qc7 18. f5 exf5 19. Nd5 Bxd5 20. Qxd5 fxg4 21. Rg3 Nxe5 22. Qxe4 f5 23. Qd5+ Kg7 24.
Nd4 Rf6 25. Bf4 Bd6 26. Bg5 Nf3 27. Bxf6+ Kxf6 28. Qe6+ Kg7 29. Qd5 Re8 30. Rxf3 gxf3 31. Ne6+ Rxe6 32. Qxe6 Bxh2 33. Rd1 Qg3 34. Qe7+ Kh6 35.
Qf8+ Kh5 0-1

[Event "*** Titled Tuesday Blitz"]
[Site "Chess.com"]
[Date "2019.03.05"]
[Round "10"]
[White "j2806"]
[Black "nfogaras"]
[Result "1-0"]
[WhiteElo "1799"]
[BlackElo "1833"]
[TimeControl "180+2"]
[EndTime "15:28:59 PST"]
[Termination "j2806 won by checkmate"]

1. e4 c5 2. Nf3 e6 3. d4 cxd4 4. Nxd4 Qb6 5. Nb3 Qc7 6. Nc3 a6 7. Be3 b5 8. Qd2 Bb7 9. f3 d6 10. O-O-O Be7 11. g4 Nf6 12. h4 Nfd7 13. g5 Ne5 14. Bg2 Nc4 15. Qd3 Nxe3 16. Qxe3 Nd7 17.
f4 Nc5 18. Nd4 b4 19. Nce2 O-O 20. h5 Rfc8 21. Rd2 a5 22. g6 fxg6 23. hxg6 h6 24. f5 e5 25. Nb5 Qb6 26. Nxd6 Bxd6 27. Rxh6 Ba6 28. Rh1 Nd3+ 29. Rxd3 Bxd3 30. Qxd3 Rd8 31. Qd5+ Kf8 32. Qf7# 1-0

[Event "*** Titled Tuesday Blitz"]
[Site "Chess.com"]
[Date "2019.03.05"]
[Round "10"]
[White "Hongjin"]
[Black "monalize"]
[Result "0-1"]
[WhiteElo "2498"]
[BlackElo "2341"]
[TimeControl "180+2"]
[EndTime "15:29:00 PST"]
[Termination "monalize won by resignation"]

1. c4 c5 2. Nc3 b6 3. g3 Bb7 4. e4 Nf6 5. f3 e6 6. Bg2 Nc6 7. Nge2 d5 8. cxd5 exd5 9. exd5 Nxd5 10. f4 Ncb4 11. O-O Qd7 12. a3 Nd3 13. Qb3 Nxc3 14. Nxc3 Bxg2 15. Kxg2 O-O-O 16. Qc4 Qb7+ 17. Kh3 Rd4 18.
Qb5 Bd6 19. b4 a6 20. Qa4 b5 21. Qc2 c4 22. Bb2 Bb8 23. Rad1 Rd6 24. g4 Rh6+ 25. Kg3 g5 26. Ne2 Rg8 27. Rf3 gxf4+ 28. Nxf4 Nxf4 29. Rxf4 Bxf4+ 30. Kxf4 Rhg6 31. h3 Qd5 32. Re1 Re6 33. Rxe6 fxe6 34. Qxh7 Qxd2+ 35. Kg3 Rf8 0-1

[Event "*** Titled Tuesday Blitz"]
[Site "Chess.com"]
[Date "2019.03.05"]
[Round "10"]
[White "GataKamsky1974"]
[Black "Tjktiger"]
[Result "1-0"]
[WhiteElo "2844"]
[BlackElo "2793"]
[TimeControl "180+2"]
[EndTime "15:29:07 PST"]
[Termination "GataKamsky1974 won on time"]

1. d4 Nf6 2. Nf3 g6 3. Bf4 Bg7 4. c3 O-O 5. h3 d6 6. Nbd2 c5 7.
dxc5 dxc5 8. e4 Nc6 9. Be2 Nh5 10.
Bh2 e5 11. Nc4 Nf4 12. Bxf4 exf4 13. Qd6 Qxd6 14. Nxd6 Rd8 15. O-O-O Ne5 16. Rd5 Be6 17. Rxe5 Rxd6 18. Rxc5 Bxa2 19. Rd1 Rxd1+ 20. Kxd1 Rd8+ 21. Kc2 Be6 22. Ng5 f3 23. Bxf3 Bc8 24. Bg4 Bh6 25. Bxc8 Bxg5 26. Rxg5 Rxc8 27. Rd5 Rc7 28. g4 f6 29. h4 Kf7 30. f4 a6 31. Kd3 Ke7 32. g5 Rc6 33. b4 Rc8 34. c4 Rc6 35. Kd4 Rb6 36. b5 axb5 37. cxb5 Re6 38. e5 f5 39. Kc5 b6+ 40. Kc4 Ke8 41. Rd6 1-0

[Event "*** Titled Tuesday Blitz"]
[Site "Chess.com"]
[Date "2019.03.05"]
[Round "10"]
[White "Jbd735"]
[Black "vinniethepooh"]
[Result "1-0"]
[WhiteElo "2466"]
[BlackElo "2465"]
[TimeControl "180+2"]
[EndTime "15:29:11 PST"]
[Termination "Jbd735 won by resignation"]

1. d4 d5 2. Nf3 Nf6 3. Bf4 e6 4. c3 Bd6 5. Bxd6 Qxd6 6. Nbd2 c5 7. e3 Nc6 8. Bd3 e5 9. dxc5 Qxc5 10. e4 O-O 11. O-O Bg4 12. h3 Bh5 13. Qe2 Rad8 14. Rad1 d4 15. Nb3 Qe7 16. cxd4 Bxf3 17. Qxf3 Nxd4 18. Qe3 Nxb3 19. axb3 Rd4 20. Bc4 Rfd8 21.
Ra1 a6 22. f3 Nh5 23. Kh2 Nf4 24. g3 Rd2+ 25. Rf2 Rxf2+ 26. Qxf2 Qb4 27. gxf4 Rd2 28.
Be2 exf4 29. Rd1 g6 30. Qe1 Rd4 31. Qxb4 Rxb4 32. Bc4 b5 33. Bd5 a5 34. Rd3 Kg7 35.
Kg2 Kf6 36. Kf2 Ke7 37. Ke2 f6 38. Kd2 h5 39. Kc3 g5 40. Rd1 Kf8 41. Ra1 f5 42.
Rxa5 fxe4 43. Kxb4 e3 44. Kxb5 g4 45. hxg4 h4 46. Ra1 h3 47. Bc4 1-0

[Event "*** Titled Tuesday Blitz"]
[Site "Chess.com"]
[Date "2019.03.05"]
[Round "10"]
[White "BillForster"]
[Black "kacprekt"]
[Result "0-1"]
[WhiteElo "1724"]
[BlackElo "2270"]
[TimeControl "180+2"]
[EndTime "15:29:12 PST"]
[Termination "kacprekt won on time"]

1. d4 Nf6 2. c4 g6 3. Nc3 d5 4. cxd5 Nxd5 5. e4 Nxc3 6. bxc3 Bg7 7. Bd3 c5 8. Ne2 O-O 9. O-O Nc6 10. Be3 e6 11. Rb1 cxd4 12. cxd4 Nxd4 13. Nxd4 Bxd4 14. Bxd4 Qxd4 15. Qe2 Qg7 16. Rfc1 b6 17. Rc7 Rd8 18.
Rbc1 Qd4 19. Bb1 Bd7 20. e5 Rac8 21. R1c4 Rxc7 22. Rxd4 Rc1+ 23. Rd1 Bb5 24. Bd3 Rxd1+ 25. Qxd1 Rxd3 26. Qb1 Rd2 27. h3 Bc4 28. a3 Bd5 29. Qe1 Ra2 30. Qe3 Kg7 31. Kh2 h6 32. Kg3 Rb2 33.
Kh2 Rb3 34. Qc1 a5 35. f4 b5 0-1

[Event "*** Titled Tuesday Blitz"]
[Site "Chess.com"]
[Date "2019.03.05"]
[Round "10"]
[White "Korchmar_Vasiliy"]
[Black "Ar4uha"]
[Result "1-0"]
[WhiteElo "2768"]
[BlackElo "2501"]
[TimeControl "180+2"]
[EndTime "15:29:13 PST"]
[Termination "Korchmar_Vasiliy won by resignation"]

1. d4 Nf6 2. c4 e6 3. g3 d5 4.
Bg2 dxc4 5. Nf3 Nbd7 6. O-O Rb8 7.
a4 b6 8. Nfd2 Ba6 9. Qc2 c5 10.
dxc5 Bxc5 11. Nxc4 Rc8 12. b3 Ne5 13. Rd1 Qe7 14. Nba3 Nxc4 15. Nxc4 O-O 16. Bb2 Nd5 17. Rac1 Rfd8 18. Qb1 Nb4 19. Be4 h6 20. Qa1 f6 21.
Qb1 Bb7 22. Bxb7 Qxb7 23. Qg6 Qf7 24. Qg4 Kh7 25. Nd6 Bxd6 26. Rxc8 Rxc8 27. Rxd6 Rc2 28. Qxb4 Rxb2 29. Qe4+ f5 30. Qe5 Rxb3 31. Rxe6 Rb4 32. Re7 Qg6 33. Rxa7 f4 34. Kg2 Qg4 35. h3 Qg6 36. g4 Re4 37. Rxg7+ Qxg7 38. Qxe4+ Qg6 39. Qxg6+ Kxg6 40. h4 1-0

[Event "*** Titled Tuesday Blitz"]
[Site "Chess.com"]
[Date "2019.03.05"]
[Round "10"]
[White "ASVZ"]
[Black "Blitzstream"]
[Result "0-1"]
[WhiteElo "2407"]
[BlackElo "2576"]
[TimeControl "180+2"]
[EndTime "15:29:14 PST"]
[Termination "Blitzstream won on time"]

1. e4 d5 2. exd5 Qxd5 3. Nf3 Nc6 4. d4 Bg4 5. Be2 O-O-O 6. O-O Bxf3 7. Bxf3 Qxd4 8.
Qe2 Qe5 9. Be3 Nd4 10. Qd1 Nf6 11. Nd2 e6 12. c3 Nxf3+ 13. Qxf3 Bd6 14. g3 Qd5 15. Qe2 h5 16. c4 Qf5 17. h4 Ng4 18. b4 Bxb4 19. Nb3 Qd3 20. Qf3 Ne5 21. Qf4 Qf5 22.
Qxf5 exf5 23. c5 Ng4 24. Bd4 f6 25. a3 Bd2 26. Rad1 Bh6 27. c6 b6 28. Bc3 f4 29.
Nd4 fxg3 30. fxg3 Ne3 31. Rde1 Nxf1 32. Kxf1 Rhe8 33. Nf5 Rxe1+ 34. Kxe1 Rd3 35. Bxf6 gxf6 36. Nxh6 Rxg3 37. Kf2 Rxa3 38. Ng8 Ra4 39. Kg3 Rg4+ 0-1

[Event "*** Titled Tuesday Blitz"]
[Site "Chess.com"]
[Date "2019.03.05"]
[Round "10"]
[White "RegZryt"]
[Black "ahkashefi2800"]
[Result "0-1"]
[WhiteElo "2460"]
[BlackElo "2293"]
[TimeControl "180+2"]
[EndTime "15:29:15 PST"]
[Termination "ahkashefi2800 won by resignation"]

1. d4 d5 2. c4 c6 3. Nf3 Nf6 4. e3 Bf5 5. Nc3 e6 6. Nh4 Bg6 7. Qb3 Qb6 8. Bd2 Nbd7 9. f4 Be7 10. c5 Qc7 11. Nxg6 hxg6 12. Qc2 g5 13. g3 gxf4 14. gxf4 Ng4 15. h3 f5 16. b4 Bh4+ 17. Ke2 Nf2 18.
Rh2 Ne4 19. Nxe4 fxe4 20. Bg2 g5 21. Rf1 gxf4 22. exf4 O-O-O 23. Be3 Rdf8 24. Qd2 Rf5 25. Bh1 Rhf8 26. Rg2 Nf6 27. Rg6 Nh5 28. Rfg1 Nxf4+ 29.
Bxf4 Rxf4 30. Kd1 Rf2 31. Qh6 Rf1+ 32. Rxf1 Rxf1+ 33. Ke2 Rxh1 34. Qxh4 Qh2+ 35. Ke3 Qxh3+ 36. Qxh3 Rxh3+ 37. Kf4 a6 38. Rxe6 Ra3 39. Ke5 Rxa2 40. Kd6 Kb8 41. Re8+ Ka7 42. Kc7 Rb2 43. Rh8 Rxb4 44.
Rb8 a5 45. Rh8 Rxd4 46. Rb8 Rb4 47. Rh8 a4 48. Rh3 0-1

[Event "*** Titled Tuesday Blitz"]
[Site "Chess.com"]
[Date "2019.03.05"]
[Round "10"]
[White "Shant_Sargsyan"]
[Black "UCantHandleDenker"]
[Result "0-1"]
[WhiteElo "2878"]
[BlackElo "2558"]
[TimeControl "180+2"]
[EndTime "15:29:15 PST"]
[Termination "UCantHandleDenker won by resignation"]

1. e4 d6 2. d4 Nf6 3. Nc3 g6 4. f4 Bg7 5. Nf3 O-O 6. e5 dxe5 7. fxe5 Nd5 8. Bc4 Nb6 9. Bb3 Nc6 10. Be3 Na5 11. Qe2 Nxb3 12. axb3 Nd5 13. O-O Nxe3 14. Qxe3 Bf5 15. Ne4 Qd5 16. Nfd2 f6 17. c4 Qd8 18.
Ng3 fxe5 19. d5 e4 20. Ndxe4 Bxe4 21. Nxe4 Bxb2 22. Rab1 Bf6 23. Nc5 Qd6 24. Nxb7 Qb6 25. Nc5 c6 26. dxc6 Qxc6 27. b4 Rfd8 28. Rfd1 Kf7 29.
Kh1 Rac8 30. Qh3 h5 31. Qe3 Rxd1+ 32. Rxd1 a5 33. Qh6 Rh8 34. Qd2 axb4 35. Qxb4 Rc8 36. Ne4 Qxe4 37. Re1 Qxc4 38. Qb7 Rc7 39. Qf3 Qc3 40.
Qd5+ Kg7 41. Rf1 Qc4 42. Qf3 Rc5 43. Re1 Rf5 44. Qd1 h4 45. h3 Qf4 46. Qd8 Qf2 47. Qd1 Rg5 48. Re2 Qg3 49. Qd7 Re5 50. Rxe5 Qxe5 51. Qd1 Qa1 0-1

[Event "*** Titled Tuesday Blitz"]
[Site "Chess.com"]
[Date "2019.03.05"]
[Round "10"]
[White "bluejay1897"]
[Black "mlchen"]
[Result "0-1"]
[WhiteElo "2144"]
[BlackElo "2380"]
[TimeControl "180+2"]
[EndTime "15:29:19 PST"]
[Termination "mlchen won by checkmate"]

1. Nf3 Nf6 2. g3 e6 3. Bg2 c6 4.
O-O d5 5. b3 b5 6. Bb2 a5 7. d3 Be7 8. Nbd2 O-O 9. c4 Ba6 10.
Qc2 Nbd7 11. Rac1 Rc8 12. Qb1 Qb6 13. Qa1 a4 14. Ne5 Nxe5 15. Bxe5 Bb7 16. bxa4 bxa4 17.
Rb1 Qa7 18. Qb2 Ba8 19. Rfc1 c5 20. cxd5 exd5 21. Nf3 Rfe8 22. h4 d4 23. Qd2 Nd5 24.
h5 Bf8 25. h6 Nc3 26. Rxc3 dxc3 27. Qxc3 f6 28. hxg7 Bxg7 29. Bxf6 Rxe2 30. Bxg7 Qxg7 31.
Qc4+ Kh8 32. Qxa4 Rf8 33. Qd1 Qe7 34. d4 Bxf3 35. Bxf3 Rxf3 36. dxc5 Rfxf2 37. Qd4+ Qf6 38. Rb8+ Kg7 39. Rb7+ Kh6 40. Rb6 Rf1# 0-1

[Event "*** Titled Tuesday Blitz"]
[Site "Chess.com"]
[Date "2019.03.05"]
[Round "10"]
[White "HrvojeZagreb"]
[Black "quesfr"]
[Result "1-0"]
[WhiteElo "2147"]
[BlackElo "2235"]
[TimeControl "180+2"]
[EndTime "15:29:31 PST"]
[Termination "HrvojeZagreb won by checkmate"]

1. d4 d5 2. Bf4 c5 3. e3 Nc6 4.
Nc3 cxd4 5. exd4 Bf5 6. Nf3 e6 7. Bb5 Bd6 8. Ne5 Ne7 9. g4 Bg6 10. h4 h5 11. Nxg6 Nxg6 12. Bxd6 Qxd6 13. gxh5 Nf4 14. Qg4 Nxh5 15. O-O-O Qf4+ 16. Qxf4 Nxf4 17. Rdg1 g6 18. Rg4 Nh5 19. Bxc6+ bxc6 20. Na4 Ke7 21. Nc5 Rh7 22. a4 Rah8 23. Kd2 Ng7 24. Rg3 Rxh4 25.
Rxh4 Rxh4 26. Rb3 Rxd4+ 27. Ke3 Nf5+ 28. Ke2 Kd6 29. Nd3 Rxa4 30. Rb7 f6 31. c3 Ne7 32. Kd2 Ra1 33. Kc2 g5 34. b4 Ng6 35. Rf7 f5 36. Nc5 Ra2+ 37. Kb3 Rxf2 38. Rg7 Ne5 39. Nb7# 1-0

[Event "*** Titled Tuesday Blitz"]
[Site "Chess.com"]
[Date "2019.03.05"]
[Round "10"]
[White "Romn69"]
[Black "TheBigBadChessDad"]
[Result "0-1"]
[WhiteElo "2208"]
[BlackElo "2360"]
[TimeControl "180+2"]
[EndTime "15:29:33 PST"]
[Termination "TheBigBadChessDad won by resignation"]

1. d4 Nf6 2. Nf3 e6 3. g3 d5 4. c4 dxc4 5. Bg2 c5 6. O-O Nc6 7. Ne5 Bd7 8. Na3 cxd4 9. Naxc4 Rc8 10. a3 Be7 11. b4 b5 12. Nxc6 Bxc6 13. Bxc6+ Rxc6 14. Ne5 Rd6 15. Qd3 Rd5 16. Bf4 Bd6 17. Nc6 Qb6 18. Bxd6 Rxd6 19. Na5 O-O 20. Rac1 e5 21. Rc5 e4 22. Qxb5 d3 23. exd3 Rxd3 24. Nc4 Qe6 25. Ne3 Rxa3 26. Rd1 h6 27. Nf5 e3 28. Nxe3 Rxe3 29.
fxe3 Qxe3+ 30. Kf1 Ne4 31. Qe2 Qxe2+ 32. Kxe2 Nxc5 33.
bxc5 Rc8 34. Rc1 Kf8 35. Kd3 Ke7 36. Kc4 Kd7 37. Ra1 Ra8 38. Ra6 Kc7 39. Kb5 Rb8+ 40. Kc4 Kb7 41. Rd6 Rc8 42. Kd5 Rc7 43. c6+ Kb6 44. Rd8 Rxc6 45. Rb8+ Kc7 46. Rf8 Rf6 47. Ra8 Kb7 48. Rg8 a5 49. Rxg7 Kb6 50. Rg8 Rf2 51. h4 a4 52. Rb8+ Ka5 53. Ra8+ Kb4 54. Ra6 a3 55. Rxh6 a2 56. Ra6 Rf5+ 57. Ke4 Ra5 0-1

[Event "*** Titled Tuesday Blitz"]
[Site "Chess.com"]
[Date "2019.03.05"]
[Round "10"]
[White "wenx95"]
[Black "Alexander_Moskalenko"]
[Result "0-1"]
[WhiteElo "2530"]
[BlackElo "2773"]
[TimeControl "180+2"]
[EndTime "15:29:36 PST"]
[Termination "Alexander_Moskalenko won by resignation"]

1. d4 Nf6 2. Nc3 e6 3. Bf4 d5 4. e3 Bd6 5. Bg3 O-O 6. Nf3 b6 7. Bd3 Ba6 8. O-O Bxd3 9. cxd3 Bxg3 10. hxg3 c5 11. dxc5 bxc5 12. d4 Nbd7 13. dxc5 Nxc5 14. b4 Nce4 15. Nxe4 Nxe4 16. Qd4 Qe7 17. Rfc1 Rfb8 18.
Rab1 f6 19. a4 Rb6 20. b5 Rab8 21. Ne1 a6 22. Rc8+ Rxc8 23. Qxb6 axb5 24. axb5 Nc3 25.
Ra1 Qe8 26. Ra5 Rb8 27. Qc6 Qxc6 28. bxc6 Rc8 29. Rc5 Ne4 30. Rc2 Kf7 31. g4 Ke7 32. Nd3 Kd6 33. f3 Ng5 34. Nf4 g6 35. Ra2 e5 36. Nd3 Rxc6 37. Ra7 Rc3 38. Nb4 Rxe3 39. Ra6+ Kc5 40. Nc2 Re2 41. Na3 Ra2 42. Ra8 Kb4 0-1